[Event "Early-Titled-Tuesday-Blitz-March-12-2024"]
[Site "Chess.com"]
[Date "2024.03.12"]
[Round "2"]
[White "Javylavilla"]
[Black "laziestwin"]
[Result "0-1"]
[WhiteElo "2353"]
[BlackElo "2573"]
[TimeControl "180+1"]
[EndTime "8:17:35 PDT"]
[Termination "laziestwin won by checkmate"]

1. e4 c5 2. Nf3 e6 3. d4 cxd4 4.
Nxd4 a6 5. Bd3 b5 6. O-O Bb7 7. Qe2 Nc6 8. Nxc6 Bxc6 9. a4 bxa4 10. Nc3 a3 11. bxa3 Bc5 12. Bxa6 Qa5 13. Nb5 Rxa6 14. Nc7+ Qxc7 15. Qxa6 Bxe4 16. Bf4 Qxf4 17. Qc8+ Ke7 18. Qxc5+ Qd6 19. Qg5+ Nf6 20. c4 h6 21. Qg3 Qxg3 22. hxg3 Rc8 23. Rfc1 Bd3 24. c5 Ne4 25. a4 Rxc5 26. a5 d6 27. Rd1 Ba6 28.
Rdb1 Rc7 29. Rb6 Nc5 30. f3 d5 31. Kf2 d4 32. Ke1 Rb7 33. Rab1 Rxb6 34. Rxb6 Kd7 35. Kd2 Kc7 36. Rb4 e5 37. f4 e4 38. Kc2 d3+ 39. Kd2 Kc6 40. Rb6+ Kd5 41. Rb8 Kc4 42. Rd8 Kb4 43. Ke3 Kxa5 44. Rd5 Kb4 45. g4 Bc4 46. Rd8 Kc3 47. g5 hxg5 48. fxg5 Ne6 49. Rc8 Nxg5 50. Kf4 d2 51. Rd8 Ne6+ 52. Ke3 Nc7 53. Kxe4 Nd5 54. Rd7 d1=Q 55. Rxf7 Qe2+ 56. Kf5 Ne3+ 57. Kg6 Qg4+ 58. Kh7 Bxf7 59. Kh8 Qg6 60. g4 Qh6# 0-1

[Event "Early-Titled-Tuesday-Blitz-March-12-2024"]
[Site "Chess.com"]
[Date "2024.03.12"]
[Round "2"]
[White "Hanging_pointer"]
[Black "rasmussvane"]
[Result "1-0"]
[WhiteElo "2689"]
[BlackElo "2969"]
[TimeControl "180+1"]
[EndTime "8:17:40 PDT"]
[Termination "Hanging_pointer won on time"]

1. d4 Nf6 2. c4 e6 3. Nf3 d5 4. Nc3 a6 5. cxd5 exd5 6. Bg5 Be6 7.
e3 Nbd7 8. Be2 Bd6 9. O-O c6 10. Rc1 O-O 11. Na4 Qe7 12. Qb3 Rab8 13. Bh4 Rfe8 14.
Bg3 Bxg3 15. hxg3 Ne4 16. Qc2 g6 17. Bd3 Nd6 18. Nc5 Kg7 19. Rfe1 Bg4 20. b4 h5 21. Nd2 h4 22. gxh4 Qxh4 23. f3 Be6 24. Ndb3 Rh8 25. Nxe6+ fxe6 26. Nc5 Nxc5 27. bxc5 Nf5 28.
Bxf5 gxf5 29. Kf1 Kf6 30. Ke2 Rbg8 31. Kd3 Qg3 32. Re2 Rh2 33. Rg1 Rg7 34. Qd2 Qc7 35.
Kc2 b6 36. Qc3 b5 37. e4 Qf4 38. exd5 exd5 39. Qa5 Qxd4 40. Qd8+ Kg6 41. Qd6+ Kh7 42.
Qxh2+ Kg6 43. Qd6+ Kg5 44. Qe5 Qxc5+ 45. Qc3 Qxc3+ 46. Kxc3 c5 47. g3 d4+ 48. Kd3 Rd7 49. Re6 c4+ 50. Kd2 a5 51. Rh1 b4 52. Rhh6 Rg7 53.
Rd6 d3 54. f4+ Kg4 55. Rhg6+ Rxg6 56. Rxg6+ Kf3 57. Rc6 b3 58. axb3 cxb3 59. Kxd3 a4 60. Ra6 b2 61. Kc2 1-0

[Event "Early-Titled-Tuesday-Blitz-March-12-2024"]
[Site "Chess.com"]
[Date "2024.03.12"]
[Round "2"]
[White "TigrVShlyape"]
[Black "FoxOnTheRun97"]
[Result "1-0"]
[WhiteElo "2920"]
[BlackElo "2635"]
[TimeControl "180+1"]
[EndTime "8:17:41 PDT"]
[Termination "TigrVShlyape won by resignation"]

1. d4 Nf6 2. Bf4 d5 3. e3 e6 4. Nf3 Bd6 5. Bg3 O-O 6. c4 b6 7. Nc3 Bb7 8. cxd5 exd5 9. Rc1 Re8 10. Bxd6 Qxd6 11. Nb5 Qb4+ 12. Qd2 Qxd2+ 13. Nxd2 Rc8 14. Rxc7 a6 15. Rxc8+ Bxc8 16. Nc3 Nc6 17. Bd3 Be6 18. f3 b5 19. Kf2 Na5 20. b3 Rc8 21. Rc1 Kf8 22.
Ne2 Rxc1 23. Nxc1 Ke7 24. g4 h6 25. Bf1 Kd6 26. Nd3 Nd7 27. e4 f6 28. Ke3 Nc6 29. Be2 Ke7 30. Nf4 Kd6 31. h4 Nb4 32. a4 bxa4 33. bxa4 a5 34. Bb5 Nb6 35. Nxe6 Kxe6 36. Nb3 Nc4+ 37. Bxc4 dxc4 38. Nxa5 Nc2+ 39. Kf2 c3 40.
Nb3 Nb4 41. Ke2 Kd6 42. f4 g5 43. fxg5 hxg5 44. h5 Ke6 45. a5 Nc6 46. d5+ 1-0

[Event "Early-Titled-Tuesday-Blitz-March-12-2024"]
[Site "Chess.com"]
[Date "2024.03.12"]
[Round "2"]
[White "Matibar"]
[Black "IndianSchoolOfSuffering"]
[Result "1-0"]
[WhiteElo "2744"]
[BlackElo "2406"]
[TimeControl "180+1"]
[EndTime "8:17:41 PDT"]
[Termination "Matibar won by resignation"]

1. a3 d5 2. Nf3 Nf6 3. e3 Bf5 4. c4 dxc4 5. Bxc4 e6 6. d4 a6 7. Nc3 c5 8. dxc5 Qxd1+ 9. Kxd1 Bxc5 10. b4 Be7 11. Bb2 Nc6 12. Ke2 Rc8 13. Bb3 O-O 14. Rhd1 Rfd8 15. Nh4 Bg6 16. Nxg6 hxg6 17. Rxd8+ Rxd8 18.
Rd1 Rxd1 19. Kxd1 Kf8 20. Ke2 Ke8 21. h3 Kd7 22. f4 Ne8 23. Na4 b5 24. Nc3 g5 25.
Ne4 gxf4 26. exf4 f6 27. g4 Nc7 28. g5 f5 29. Ng3 Bd6 30. Nh5 g6 31. Nf6+ Ke7 32.
Kf3 a5 33. h4 axb4 34. axb4 Nxb4 35. h5 gxh5 36. g6 Ncd5 37. Nxh5 Nd3 38. Bxd5 exd5 39.
Bd4 Bc5 40. Bf6+ Kf8 41. Ng7 Kg8 42. Nxf5 Bf8 43. g7 Bxg7 44. Bxg7 b4 45. Ke3 Nc5 46. Bb2 Ne6 47. Nd4 1-0

[Event "Early-Titled-Tuesday-Blitz-March-12-2024"]
[Site "Chess.com"]
[Date "2024.03.12"]
[Round "2"]
[White "Shuvalov"]
[Black "SchmakAttack"]
[Result "0-1"]
[WhiteElo "2523"]
[BlackElo "2823"]
[TimeControl "180+1"]
[EndTime "8:17:42 PDT"]
[Termination "SchmakAttack won by resignation"]

1. d4 Nf6 2. c4 c5 3. Nf3 cxd4 4. Nxd4 e5 5. Nc2 d5 6. cxd5 Qxd5 7. Qxd5 Nxd5 8. e4 Nb4 9. Nxb4 Bxb4+ 10. Bd2 Nc6 11.
Bb5 Bxd2+ 12. Nxd2 Bd7 13. Nc4 Nd4 14. Bxd7+ Kxd7 15. O-O f6 16. Rfd1 Rhc8 17. Ne3 Ke6 18. Kf1 Rc6 19. Rac1 Rac8 20. Rxc6+ Rxc6 21. f3 b5 22.
Kf2 a5 23. Rd3 b4 24. Rd1 a4 25. Rd2 Rc1 26. Rd1 Rc5 27. Rd2 b3 28. axb3 axb3 29. Rd3 g6 30. Ke1 f5 31. exf5+ gxf5 32. f4 exf4 33. Rxd4 fxe3 34. Rd3 f4 35. Rxb3 Ke5 36. Rc3 Rb5 37. Rc2 Kd4 38. Ke2 Rg5 39. Kf3 Kd3 40.
Rc7 Rd5 41. Re7 Kd2 42. b4 Rd3 43. Kxf4 e2 44. g4 e1=Q 45. Rxe1 Kxe1 46. h4 Rd4+ 47. Kg5 Rxb4 48. h5 Rb6 49. Kf5 h6 50. g5 Rb5+ 51.
Kg6 hxg5 52. h6 g4 53. h7 Rb8 0-1

[Event "Early-Titled-Tuesday-Blitz-March-12-2024"]
[Site "Chess.com"]
[Date "2024.03.12"]
[Round "2"]
[White "chito89"]
[Black "Flaccidmoves"]
[Result "1-0"]
[WhiteElo "2836"]
[BlackElo "2448"]
[TimeControl "180+1"]
[EndTime "8:17:43 PDT"]
[Termination "chito89 won by resignation"]

1. e4 g6 2. d4 Bg7 3. Nf3 d6 4.
Bc4 Nf6 5. Qe2 O-O 6. e5 dxe5 7.
dxe5 Nd5 8. O-O c6 9. Rd1 Bg4 10.
Nbd2 Nd7 11. h3 Bxf3 12. Nxf3 e6 13. c3 Qc7 14. Re1 b5 15. Bd3 a5 16. h4 Nc5 17.
Bc2 a4 18. Bd2 Nb6 19. Rad1 Nc4 20. Bc1 Rfd8 21. Rxd8+ Rxd8 22. h5 Rd5 23. h6 Bh8 24. b3 axb3 25. axb3 Nxe5 26. Nd4 b4 27. cxb4 Rxd4 28. bxc5 Rd5 29. b4 Nd7 30. Be4 Rh5 31.
g3 Bd4 32. Kg2 e5 33. g4 Rh4 34.
Bg5 f5 35. gxf5 Rxe4 36. Qxe4 Nf8 37. f4 Qf7 38. fxe5 Bc3 39. e6 Qxf5 40. Qxf5 gxf5 41. e7 1-0

[Event "Early-Titled-Tuesday-Blitz-March-12-2024"]
[Site "Chess.com"]
[Date "2024.03.12"]
[Round "2"]
[White "wonderfultime"]
[Black "Mikhail_Golubev"]
[Result "1-0"]
[WhiteElo "3060"]
[BlackElo "2704"]
[TimeControl "180+1"]
[EndTime "8:17:44 PDT"]
[Termination "wonderfultime won on time"]

1. d4 Nf6 2. Nf3 d6 3. g3 g6 4. Bg2 Bg7 5. O-O O-O 6. c4 c6 7.
Nc3 Bf5 8. Re1 Ne4 9. Qb3 Nxc3 10. bxc3 Bc8 11. Ba3 Nd7 12. e4 Nb6 13. Rad1 Re8 14.
e5 d5 15. cxd5 cxd5 16. e6 Bxe6 17. Rxe6 fxe6 18. Bh3 e5 19. Be6+ Kh8 20. Bc5 Rf8 21.
Nxe5 Bxe5 22. dxe5 Qc7 23. Bd4 Qc6 24. Bg4 e6 25. h4 Nc4 26. Qb1 Rg8 27. Kg2 Raf8 28. Rh1 h5 29. Qc1 Rf7 30. Be2 Kh7 31. Bd3 Rf5 32.
g4 Nxe5 33. Bxf5 gxf5 34. Bxe5 Rxg4+ 35. Kh3 d4 36. Rg1 Qf3+ 37. Rg3 f4 38. Rxf3 1-0

[Event "Early-Titled-Tuesday-Blitz-March-12-2024"]
[Site "Chess.com"]
[Date "2024.03.12"]
[Round "2"]
[White "KSho99"]
[Black "secrethawk1"]
[Result "1/2-1/2"]
[WhiteElo "2139"]
[BlackElo "2485"]
[TimeControl "180+1"]
[EndTime "8:17:45 PDT"]
[Termination "Game drawn by repetition"]

1. Nf3 Nf6 2. g3 d5 3. Bg2 Bf5 4. O-O e6 5. c4 c6 6. d3 h6 7. Qb3 Qb6 8. Be3 Qxb3 9. axb3 a6 10. Bd4 Nbd7 11. Bc3 Rd8 12. Nbd2 Be7 13. b4 O-O 14. Rfe1 Bh7 15. Nb3 Rb8 16. Na5 Rfd8 17. Nd4 Nb6 18. c5 Nbd7 19. Naxc6 bxc6 20. Nxc6 Re8 21. Nxb8 Nxb8 22.
e4 dxe4 23. dxe4 Nfd7 24. f3 Rc8 25. Bf1 Rc6 26. Kf2 Kf8 27. Red1 f6 28. Bc4 Ke8 29. Ke3 Kd8 30. Bf1 Kc8 31. Bd4 e5 32. Bc3 Bg8 33. h4 Kb7 34. h5 Bf7 35. g4 Be6 36. Be2 Nf8 37. Rd2 Bb3 38. Ra3 Bf7 39. Rd1 Be6 40.
Rda1 Bf7 41. Rd1 Be6 42. Rda1 Bf7 43. Rd1 1/2-1/2

[Event "Early-Titled-Tuesday-Blitz-March-12-2024"]
[Site "Chess.com"]
[Date "2024.03.12"]
[Round "2"]
[White "Rainbow2014"]
[Black "Mops_2004"]
[Result "0-1"]
[WhiteElo "2443"]
[BlackElo "2835"]
[TimeControl "180+1"]
[EndTime "8:17:46 PDT"]
[Termination "Mops_2004 won on time"]

1. e4 g6 2. d4 Bg7 3. Nc3 d6 4. f4 Nf6 5. Nf3 c5 6. d5 O-O 7. Bd3 b5 8. Nxb5 c4 9. Bxc4 Nxe4 10. Bd3 Qa5+ 11. c3 Nf6 12. O-O Nxd5 13. Be4 Bb7 14. Bxd5 Qxb5 15. Bxb7 Qxb7 16. f5 gxf5 17. Nd4 e6 18.
Qh5 Qe4 19. Bf4 Nd7 20. Rae1 Qd5 21. Bh6 Bxh6 22. Qxh6 Kh8 23. Rd1 Rg8 24. Nf3 Qc5+ 25. Kh1 Rg6 26. Qh4 Rag8 27. Rd2 Nf6 28. Nd4 Ne4 29.
Re2 Qe5 30. Qh5 Qg7 31. Qh3 Rh6 32. Qf3 Ng3+ 33. Kg1 Nxf1 34. Qxf1 Rg6 35. h3 d5 36. Kh1 Qh6 37. Nf3 Qf4 38. Qf2 Rxg2 39. Qd4+ Qxd4 40. cxd4 Rxe2 0-1

[Event "Early-Titled-Tuesday-Blitz-March-12-2024"]
[Site "Chess.com"]
[Date "2024.03.12"]
[Round "2"]
[White "Seochesspie"]
[Black "Russian_berezka"]
[Result "1-0"]
[WhiteElo "2865"]
[BlackElo "2581"]
[TimeControl "180+1"]
[EndTime "8:17:47 PDT"]
[Termination "Seochesspie won by checkmate"]

1. d4 Nf6 2. Nf3 d5 3. Bg5 Ne4 4.
Bf4 c5 5. e3 Qb6 6. Qc1 Nc6 7. c3 f6 8. h3 g5 9. Bh2 Bf5 10. Nbd2 e6 11. Be2 h5 12. O-O Rc8 13. Nxe4 dxe4 14. Nd2 g4 15. h4 e5 16. Nc4 Qc7 17.
dxe5 fxe5 18. a4 Bg7 19. Rd1 Rd8 20. Qc2 O-O 21. Bg3 b6 22. Nd2 Qb7 23. Nxe4 Nd4 24. cxd4 Bxe4 25. Qb3+ Kh7 26. dxe5 Bxg2 27. Rxd8 Rxd8 28.
Qe6 Rf8 29. Bd3+ Be4 30. Bxe4+ Qxe4 31. Rd1 Rf3 32. Qd5 Rxg3+ 33. fxg3 Qxe3+ 34. Kh1 Qxg3 35.
Qe4+ Kg8 36. Rd8+ Kf7 37. Qf5+ Ke7 38. Qd7# 1-0

[Event "Early-Titled-Tuesday-Blitz-March-12-2024"]
[Site "Chess.com"]
[Date "2024.03.12"]
[Round "2"]
[White "NMJeevanK"]
[Black "Semen_Khanin"]
[Result "0-1"]
[WhiteElo "2599"]
[BlackElo "2893"]
[TimeControl "180+1"]
[EndTime "8:17:48 PDT"]
[Termination "Semen_Khanin won by checkmate"]

1. e4 c6 2. d4 d5 3. exd5 cxd5 4. Bd3 Nc6 5. c3 Qc7 6. Ne2 Bg4 7. O-O Be6 8. Nf4 Qd7 9. Nxe6 Qxe6 10. Re1 Qd7 11. Bf4 e6 12. Nd2 Bd6 13. Qg4 Bxf4 14. Qxf4 Nge7 15. Nf3 h6 16. a4 Rc8 17. a5 a6 18.
b4 O-O 19. Rac1 Qc7 20. Qg4 Qd6 21. Bb1 Rc7 22. Ne5 Nxe5 23. dxe5 Qd7 24. Re3 Rc4 25. Qh5 Rfc8 26. Rg3 Kf8 27. Rf3 Nc6 28. Bd3 Nd4 29. Bxc4 Nxf3+ 30. Qxf3 Rxc4 31. Qe3 Qc7 32. Qd3 Qxe5 33.
g3 g6 34. Qf3 Kg7 35. Kg2 Qc7 36. h4 d4 37. h5 Rxc3 38. Rxc3 dxc3 39. hxg6 fxg6 40.
Qd1 c2 41. Qc1 Qc3 42. Kf1 Qd3+ 43. Ke1 g5 44. Qb2+ Kg6 45. Qc1 h5 46. b5 axb5 47. f4 Qxg3+ 48. Ke2 Qg2+ 49. Kd3 Qd5+ 50. Ke3 Qc5+ 51.
Kf3 Qc3+ 52. Ke4 g4 53. a6 bxa6 54. Qh1 Qc6+ 55. Ke5 Qxh1 56. f5+ exf5 57. Kf4 c1=Q+ 58. Kg3 Qe3# 0-1

[Event "Early-Titled-Tuesday-Blitz-March-12-2024"]
[Site "Chess.com"]
[Date "2024.03.12"]
[Round "2"]
[White "toninhojit"]
[Black "Flawless_Fighter"]
[Result "0-1"]
[WhiteElo "2537"]
[BlackElo "2838"]
[TimeControl "180+1"]
[EndTime "8:17:49 PDT"]
[Termination "Flawless_Fighter won by resignation"]

1. d4 Nf6 2. c4 e6 3. Nf3 d5 4. Nc3 c5 5. e3 Nc6 6. a3 dxc4 7. Bxc4 a6 8. O-O b5 9. Bd3 Bb7 10. Qe2 Be7 11. dxc5 Bxc5 12. Rd1 Qe7 13. b4 Bd6 14. Bb2 O-O 15. Rac1 Ne5 16. Nxe5 Bxe5 17. f4 Bxc3 18. Bxc3 Ne4 19. Bd4 Rfd8 20. Rc2 Rac8 21. Rdc1 Rxc2 22. Rxc2 h6 23. Qd1 f6 24. Qc1 Rd7 25. Be2 Kh7 26. Bf3 Bd5 27. Rc8 Nd6 28. Bc5 Bxf3 29. gxf3 Qf7 30.
Qc2+ f5 31. Rc6 Nc4 32. Bd4 Qg6+ 33. Qg2 Qe8 34. Rxa6 e5 35. fxe5 Nxe5 36. h3 Ng6 37. Kh1 f4 38. Qe2 Rxd4 39. Qc2 fxe3 0-1

[Event "Early-Titled-Tuesday-Blitz-March-12-2024"]
[Site "Chess.com"]
[Date "2024.03.12"]
[Round "2"]
[White "DIMONBANAN"]
[Black "Roedor"]
[Result "1-0"]
[WhiteElo "2535"]
[BlackElo "2274"]
[TimeControl "180+1"]
[EndTime "8:17:49 PDT"]
[Termination "DIMONBANAN won on time"]

1. e4 e5 2. Nf3 Nc6 3. d4 exd4 4. Nxd4 Nf6 5. Nc3 Bb4 6. Nxc6 bxc6 7. Bd3 d6 8. O-O Bc5 9. Bg5 h6 10. Bh4 g5 11.
Bg3 h5 12. e5 Ng4 13. exd6 cxd6 14. Be2 h4 15. Bxg4 hxg3 16. hxg3 Qf6 17. Bxc8 Rxc8 18.
Qg4 Kd8 19. Ne4 Qh6 20. Qh3 Qxh3 21. gxh3 Rxh3 22. Kg2 Rh7 23. Nxg5 Rg7 24. Ne4 Kc7 25. Nxc5 dxc5 26. Rad1 Rb8 27. b3 c4 28. Rfe1 cxb3 29. axb3 f5 30. Rd4 Rf8 31. Kf3 Rh7 32. Re6 Rd7 33. Ra4 Kb6 34. Rb4+ Kc5 35. Rc4+ Kb5 36.
Rexc6 Rd2 37. Rc7 a5 38. R4c5+ Kb4 39. Rc4+ Kb5 40. R7c5+ Kb6 41. Re5 f4 42. gxf4 Rfd8 43. f5 Rh8 44. f6 Rh6 45. Re6+ 1-0

[Event "Early-Titled-Tuesday-Blitz-March-12-2024"]
[Site "Chess.com"]
[Date "2024.03.12"]
[Round "2"]
[White "WilsonPalencia21"]
[Black "alexrustemov"]
[Result "0-1"]
[WhiteElo "2575"]
[BlackElo "2865"]
[TimeControl "180+1"]
[EndTime "8:17:51 PDT"]
[Termination "alexrustemov won on time"]

1. d4 g6 2. Nf3 Bg7 3. g3 c5 4.
d5 b5 5. Bg2 d6 6. O-O Nd7 7.
a4 b4 8. c4 bxc3 9. Nxc3 Ngf6 10. e4 O-O 11. h3 Rb8 12. Ra3 Ba6 13. Re1 Rb4 14. Qc2 Qb6 15. a5 Qc7 16. Bd2 Rfb8 17. b3 Ne8 18. Na4 R4b7 19. Bf1 Bxf1 20. Kxf1 Ne5 21.
Nxe5 Bxe5 22. Kg2 Nf6 23. Qc4 Bd4 24. f4 Nd7 25. Rc1 Qd8 26. Re1 Rb5 27. Qc2 Qc8 28. Nc3 Bxc3 29. Bxc3 Qb7 30. Rb1 f5 31. Ba1 Nf6 32. Bxf6 exf6 33. a6 Qf7 34. exf5 Qxd5+ 35. Kh2 Qxf5 36. Qxf5 gxf5 37. Rd1 R8b6 38. Ra2 Rxb3 39.
Kg1 Rb1 40. Rd2 Rxd1+ 41. Rxd1 Kf7 42. Ra1 Ke6 43. Kf2 d5 44. Ke3 d4+ 45. Kd3 Kd5 46. Ra5 Rb3+ 47. Kc2 Rxg3 48. Rb5 Ra3 0-1

[Event "Early-Titled-Tuesday-Blitz-March-12-2024"]
[Site "Chess.com"]
[Date "2024.03.12"]
[Round "2"]
[White "Statham_01"]
[Black "MightyMike_009"]
[Result "0-1"]
[WhiteElo "2583"]
[BlackElo "2865"]
[TimeControl "180+1"]
[EndTime "8:17:53 PDT"]
[Termination "MightyMike_009 won on time"]

1. e4 e5 2. Nf3 Nc6 3. c3 Nf6 4. d4 d6 5. Bb5 Bd7 6. Bg5 h6 7. Bh4 g5 8. Bg3 Nxe4 9. Bxc6 Bxc6 10. dxe5 Nxg3 11. hxg3 dxe5 12. Qe2 Qe7 13. O-O Bg7 14. Re1 O-O-O 15. Nbd2 Rhe8 16. b4 e4 17. Nd4 Bxd4 18. cxd4 Qxb4 19. Nb3 f5 20. Rab1 Qb5 21. Qc2 Qd3 22.
Qc5 e3 23. fxe3 Rxe3 24. Na5 Rxe1+ 25. Rxe1 Qxg3 26. Qxf5+ Bd7 27. Qe4 c6 28. Rb1 Re8 29. Qc2 Qe3+ 30. Kh1 Re4 31. Qxe4 Qxe4 32. Rxb7 Qe1+ 33.
Kh2 Qh4+ 34. Kg1 Qxd4+ 35. Kh2 Qh4+ 36. Kg1 Qe1+ 37. Kh2 Qxa5 0-1

[Event "Early-Titled-Tuesday-Blitz-March-12-2024"]
[Site "Chess.com"]
[Date "2024.03.12"]
[Round "2"]
[White "Sina_Movahed"]
[Black "GalaxyRoman"]
[Result "0-1"]
[WhiteElo "3057"]
[BlackElo "2722"]
[TimeControl "180+1"]
[EndTime "8:17:54 PDT"]
[Termination "GalaxyRoman won by resignation"]

1. Nf3 d5 2. c4 e6 3. g3 Nf6 4.
Bg2 Be7 5. O-O O-O 6. d4 dxc4 7. Qc2 a6 8. a4 Bd7 9. Qxc4 Bc6 10. Bg5 Nbd7 11. Nc3 h6 12. Bf4 Nb6 13. Qd3 Nbd5 14. Ne5 Nxf4 15. gxf4 Bxg2 16. Kxg2 c5 17. dxc5 Bxc5 18.
Qf3 Qe7 19. e3 Rad8 20. Rfd1 Bd6 21. Nc4 Bb4 22. Ne2 Nd5 23. Rac1 Nf6 24. Nd4 Bc5 25.
Ne2 Bb4 26. Ng3 Rc8 27. b3 Rfd8 28. Rxd8+ Rxd8 29. Ne5 Bd6 30. Nc4 Bb4 31. f5 e5 32.
Ne4 b5 33. Nb6 Nxe4 34. Qxe4 Qg5+ 35. Kh1 Rd2 36. Qxb4 Rxf2 37. Rg1 Qh5 38. Qf8+ Kxf8 39. Nd7+ Ke7 0-1

[Event "Early-Titled-Tuesday-Blitz-March-12-2024"]
[Site "Chess.com"]
[Date "2024.03.12"]
[Round "2"]
[White "willcab71"]
[Black "FrankieJay"]
[Result "0-1"]
[WhiteElo "2132"]
[BlackElo "2493"]
[TimeControl "180+1"]
[EndTime "8:17:54 PDT"]
[Termination "FrankieJay won on time"]

1. Nf3 Nf6 2. g3 g6 3. Bg2 Bg7 4. O-O O-O 5. b3 d5 6. Bb2 c5 7.
d3 Nc6 8. Nbd2 Re8 9. e4 e5 10. Re1 d4 11. a4 b6 12. Nc4 Qc7 13. Bc1 h6 14. h3 Kh7 15. Kh2 Be6 16. Nh4 Nd7 17.
f4 exf4 18. Bxf4 Nde5 19. Nxe5 Bxe5 20. Qd2 g5 21. Bxe5 Nxe5 22. Nf3 Rg8 23. Nxe5 Qxe5 24. Rf1 h5 25. Rf3 Rg6 26. Kg1 Rag8 27. Raf1 R8g7 28.
Qf2 g4 29. hxg4 hxg4 30. Rf4 Rh6 31. Re1 Qh5 32. Kf1 Qe5 33. Ke2 Kg8 34. Rh1 Rgh7 35. Rxh6 Rxh6 36. Bf1 a6 37. Kd2 b5 38. axb5 axb5 39. Be2 c4 40. Bxg4 cxb3 41. Bxe6 Qxe6 0-1

[Event "Early-Titled-Tuesday-Blitz-March-12-2024"]
[Site "Chess.com"]
[Date "2024.03.12"]
[Round "2"]
[White "MatthewG-p4p"]
[Black "Superfelix"]
[Result "0-1"]
[WhiteElo "2868"]
[BlackElo "2612"]
[TimeControl "180+1"]
[EndTime "8:17:55 PDT"]
[Termination "Superfelix won by resignation"]

1. e4 c6 2. d4 g6 3. Nc3 d5 4.
Nf3 dxe4 5. Nxe4 Nf6 6. Bd3 Bg7 7. O-O O-O 8. Re1 Nbd7 9. c3 Qc7 10. Bg5 h6 11. Bh4 Nxe4 12. Bxe4 Nf6 13. Bc2 Bg4 14. h3 Bxf3 15. Qxf3 Rae8 16. Bb3 Kh7 17. Re2 Ng8 18. Bxf7 e5 19. Bxg6+ Kxg6 20. Qe4+ Kf7 21. Qf5+ Nf6 22. dxe5 Kg8 23. exf6 Rxe2 24. Qg4 Rfe8 25. f3 Rxb2 26. Bg3 Qf7 27. fxg7 Ree2 28. Kh1 Rxg2 29. Re1 Rge2 30. Rd1 Rbd2 31. Rg1 Rd3 32. Bf4 Re6 33. Qh4 Rg6 34. Re1 Rxg7 35. Qxh6 Rxf3 36. Re4 Rf1+ 37. Kh2 Qxa2+ 38.
Bd2 Rf2+ 39. Kh1 Qd5 40. Qh4 Rxd2 41. c4 Rd1+ 42. Kh2 Qd2+ 0-1

[Event "Early-Titled-Tuesday-Blitz-March-12-2024"]
[Site "Chess.com"]
[Date "2024.03.12"]
[Round "2"]
[White "Road2GM3000"]
[Black "Egor_Koshulyan"]
[Result "1/2-1/2"]
[WhiteElo "2490"]
[BlackElo "2774"]
[TimeControl "180+1"]
[EndTime "8:17:55 PDT"]
[Termination "Game drawn by repetition"]

1. d4 Nf6 2. c4 e5 3. dxe5 Ng4 4. Bf4 Bb4+ 5. Nc3 Nc6 6. Nf3 Qe7 7. Qd5 Bxc3+ 8.
bxc3 f6 9. exf6 Nxf6 10. Qd1 d6 11. e3 O-O 12. Be2 Ne4 13. Qc2 Bf5 14. Qc1 Nc5 15. O-O Bd3 16. Bxd3 Nxd3 17. Qd2 Nxf4 18. exf4 Qf6 19.
Rab1 Rab8 20. g3 Ne7 21. Rfe1 Kh8 22. Nd4 Nf5 23. Nxf5 Qxf5 24. Rbd1 h6 25. Re3 Rbe8 26.
Rde1 Qf7 27. Qd5 Rxe3 28. Rxe3 c6 29. Qxd6 Rg8 30. Qe6 Qc7 31. c5 Qa5 32. Qf7 Qxc5 33. Qxb7 Rd8 34. Qe7 Rd1+ 35. Kg2 Qb5 36. Qe8+ Kh7 37.
Qe4+ Kh8 38. Qg6 Qf1+ 39. Kf3 Qh1+ 40. Kg4 Rd8 41. Re8+ Rxe8 42. Qxe8+ Kh7 43. f5 Qxh2 44. Qg6+ Kh8 45. Qe8+ Kh7 46. Qg6+ Kh8 47. Qe8+ Kh7 1/2-1/2

[Event "Early-Titled-Tuesday-Blitz-March-12-2024"]
[Site "Chess.com"]
[Date "2024.03.12"]
[Round "2"]
[White "Sattarov_Bobur"]
[Black "Eloist"]
[Result "1/2-1/2"]
[WhiteElo "2804"]
[BlackElo "2446"]
[TimeControl "180+1"]
[EndTime "8:17:58 PDT"]
[Termination "Game drawn by repetition"]

1. e4 e6 2. d4 d5 3. e5 c5 4. c3 Qb6 5. Nf3 Bd7 6. h4 Bb5 7. Bxb5+ Qxb5 8. a4 Qa6 9. dxc5 Bxc5 10. b4 Bf8 11. h5 h6 12. Be3 Ne7 13. g4 Nd7 14.
Qe2 Qxe2+ 15. Kxe2 Nc6 16. Bf4 f6 17. exf6 Nxf6 18. Rg1 Rc8 19. Nbd2 Kd7 20. b5 Na5 21. Ne5+ Ke8 22. Ng6 Rg8 23. Rg3 Nc4 24. Re1 Nxd2 25. Bxd2 Bd6 26. f4 Rc4 27. Kd3 Kd7 28. Rge3 Ne4 29. Rxe4 Rxe4 30. Rxe4 dxe4+ 31. Kxe4 Rc8 32. Kd3 a6 33. c4 axb5 34. axb5 Ra8 35. Bc3 Ra3 36.
Kc2 Ra2+ 37. Kb3 Rg2 38. Bxg7 Rxg4 39. Bxh6 Rg3+ 40. Kc2 Rh3 41. Bg7 Rxh5 42. Ne5+ Bxe5 43. Bxe5 b6 44. Kd3 Rh3+ 45. Ke4 Rh1 46. Kd3 Rd1+ 47. Kc2 Re1 48. Kd2 Rh1 49. Kd3 Rd1+ 50. Kc2 Rh1 51. Kd3 1/2-1/2

[Event "Early-Titled-Tuesday-Blitz-March-12-2024"]
[Site "Chess.com"]
[Date "2024.03.12"]
[Round "2"]
[White "ChelsieMonica"]
[Black "Pikku_Myy73"]
[Result "1-0"]
[WhiteElo "2542"]
[BlackElo "2284"]
[TimeControl "180+1"]
[EndTime "8:17:58 PDT"]
[Termination "ChelsieMonica won by resignation"]

1. c4 c6 2. g3 d5 3. cxd5 cxd5 4. Bg2 Nc6 5. d3 Nf6 6. Nf3 Bg4 7. O-O e6 8. Bf4 Bd6 9. Qa4 O-O 10. h3 Bxf3 11. Bxf3 Bxf4 12. Qxf4 e5 13. Qa4 Nd4 14. Nd2 b5 15.
Qd1 Qd7 16. Bg2 Rac8 17. a3 a5 18. e3 Ne6 19. Nf3 Qd6 20. Qd2 Nc5 21. Rad1 Nb3 22. Qe2 Qe6 23. g4 e4 24. dxe4 dxe4 25. Nd4 Nxd4 26.
Rxd4 h6 27. Qxb5 Rb8 28. Qe2 Rfc8 29. Rfd1 Kh7 30. h4 Qxg4 31. Qxg4 Nxg4 32. Bxe4+ g6 33. h5 Nf6 34. hxg6+ fxg6 35. R1d2 Rc7 36. Kg2 Rb5 37. f4 h5 38. Bc2 Ng4 39. Kf3 Rf7 40. Rd5 Rxd5 41.
Rxd5 Kg7 42. Rxa5 Re7 43. e4 Rc7 44. Bb3 Rb7 45. Be6 Rxb2 46. Ra7+ Kf6 47. Bd5 g5 48. Rf7+ Kg6 49. f5+ Kh6 50. Re7 Nf6 51. Re6 Kg7 52. Re7+ Kh6 53. Bf7 g4+ 54. Kf4 Rf2+ 55. Ke5 Kg5 56.
Bc4 g3 57. Rg7+ Kh4 58. Kxf6 g2 59. e5 Kh3 60. Bd5 Rd2 61. Bxg2+ Rxg2 62. Rxg2 Kxg2 63. e6 h4 64. e7 h3 65. e8=Q h2 66. Qe4+ Kg1 67.
Ke7 1-0

[Event "Early-Titled-Tuesday-Blitz-March-12-2024"]
[Site "Chess.com"]
[Date "2024.03.12"]
[Round "2"]
[White "platy3"]
[Black "GothamChess"]
[Result "0-1"]
[WhiteElo "2941"]
[BlackElo "2673"]
[TimeControl "180+1"]
[EndTime "8:18:01 PDT"]
[Termination "GothamChess won by resignation"]

1. e4 d5 2. exd5 Qxd5 3. h3 g6 4. Nf3 Bg7 5. d4 Nc6 6. Be3 Nh6 7. Nbd2 Nf5 8. Bc4 Nxe3 9. fxe3 Qd6 10. O-O O-O 11.
Ne4 Qb4 12. Bb3 e5 13. c3 Qb6 14. Nfg5 Nd8 15. Kh1 h6 16. Nf3 exd4 17. exd4 Bf5 18. Nc5 Qd6 19. Nh4 Bc8 20. Qd3 Kh7 21. Rae1 f5 22.
Nf3 b6 23. Na4 Nc6 24. Bc2 a5 25. Qd2 Ba6 26. Rg1 Rae8 27. b3 Bb7 28. Nb2 Qg3 29.
Nd3 Ne7 30. Qf4 Qxf4 31. Nxf4 Nd5 32. Nxd5 Bxd5 33. Bd3 c5 34. dxc5 bxc5 35. c4 Be4 36.
Rd1 Bxf3 37. gxf3 Bd4 38. Rg2 Re3 39. Be2 Rfe8 40. Bf1 Kg7 41. Rf2 Kf6 42. Rg2 Rxf3 43. Be2 Rxh3+ 44. Rh2 Rxh2+ 0-1

[Event "Early-Titled-Tuesday-Blitz-March-12-2024"]
[Site "Chess.com"]
[Date "2024.03.12"]
[Round "2"]
[White "Roman_Ovetchkin"]
[Black "Grandelicious"]
[Result "0-1"]
[WhiteElo "2595"]
[BlackElo "2883"]
[TimeControl "180+1"]
[EndTime "8:18:01 PDT"]
[Termination "Grandelicious won on time"]

1. d4 Nf6 2. c4 g6 3. Nc3 Bg7 4.
e4 d6 5. h3 e5 6. d5 Nbd7 7.
Bd3 h5 8. Nf3 Bh6 9. Bxh6 Rxh6 10. Qd2 Rh8 11. O-O h4 12. b4 Nh5 13. Ne2 a5 14. a3 Qf6 15. Qe3 Nf4 16. Nxf4 exf4 17.
Qd4 Qxd4 18. Nxd4 Ne5 19. Be2 Bd7 20. c5 Ke7 21. Rfc1 axb4 22. axb4 g5 23. f3 c6 24. Kf2 Rhc8 25. dxc6 bxc6 26. cxd6+ Kxd6 27. Rd1 Rxa1 28. Rxa1 Rb8 29. Nc2 Be6 30. Ra3 Kc7 31. Ke1 Kb6 32.
Kd2 Bc4 33. Rc3 Rd8+ 34. Ke1 Be6 35. Rc5 f6 36. Rc3 Rd7 37. Ra3 Bc4 38. Rc3 Bb5 39. Ra3 Bd3 40. Rc3 Bxc2 41. Rxc2 Ra7 42. Kd2 Ra1 43. Bd1 Ra4 44. Kc3 Ra3+ 0-1